Map: El Dorado

Players

OMonlyYou

  • Race: Protoss Protoss
  • League: Diamond
  • Spawn Location: 5:00

wootwoot - Winner!

  • Race: Zerg Zerg
  • League: Diamond
  • Spawn Location: 7:00

VOD

Have the link to the VOD?

Description

Time

  • Played on: April 2, 2025, 11:43 p.m.
  • Length: 3:39
Show
View Real Time Build Order
Export as new Build Order

OMonlyYou Protoss 

Build Orders:  

Get SALT Encoding   

  1  0:00  Probe  
  13  0:13  Pylon  
  13  0:18  Probe  
  14  0:35  Gateway  
  14  0:37  Probe  
  15  0:45  Assimilator  
  15  0:51  Assimilator  
  15  0:54  Probe  
  16  1:06  Probe  
  16  1:11  Pylon  
  17  1:18  Probe  
  18  1:26  Cybernetics Core  
  18  1:27  Probe  
  19  1:35  Probe  
  20  1:45  Probe  
  21  1:54  Zealot  
  21  1:57  Probe  
  19  2:58  Pylon  
Show
View Real Time Build Order
Export as new Build Order

wootwoot Zerg - Winner!

Build Orders: Pool Only 

Get SALT Encoding   

  12  0:18  Spawning Pool  
  11  0:23  Drone  
  11  0:27  Drone  
  13  0:31  Drone  
  14  0:42  Overlord  
  14  1:05  Zergling x4  
  14  1:06  Zergling x2  
  17  1:17  Zergling x2  
  18  1:30  Zergling x2  
  19  1:42  Zergling x2  
  20  1:52  Zergling x2  
  21  2:00  Zergling x2  
  20  2:31  Zergling x2  
Tags
 
Matchup
PvZ
Opening
Pool Only
Replay Pack
B2M-Replays
Spawn Locations
Close Positions
Add a new tag
Caveats
  • Supply blocks, unpowered buildings, or Contaminate may cause inaccurate times.
  • Supply counts are checked every 10 seconds.